 Dungeon Crawl Stone Soup version 0.24-a0-201-gf205589 (webtiles) character file.

Game seed: 56048455773785739

231 Ivan the Chopper (level 6, -1/52 HPs)
             Began as a Hill Orc Fighter on Mar 22, 2019.
             Killed from afar by an orc wizard (12 damage)
             ... with a puff of frost
             ... on level 4 of the Dungeon.
             The game lasted 00:06:09 (2118 turns).

Ivan the Chopper (Hill Orc Fighter)                 Turns: 2118, Time: 00:06:10

Health: -1/52      AC:  7    Str: 21    XL:     6   Next: 4%
Magic:  6/6        EV:  8    Int:  8    God:
Gold:   127        SH:  9    Dex: 10    Spells: 5/5 levels left

rFire    . . .     SeeInvis .   a - +0 war axe
rCold    . . .     Gourm    .   c - +0 shield
rNeg     . . .     Faith    .   b - +0 scale mail
rPois    .         Spirit   .   (no helmet)
rElec    .         Reflect  .   (no cloak)
rCorr    .         Harm     .   (no gloves)
MR       .....                  (no boots)
Stlth    ..........             (no amulet)
HPRegen  0.17/turn              (no ring)
MPRegen  0.10/turn              (no ring)

@: no status effects
A: no striking features
a: no special abilities


You were on level 4 of the Dungeon.
You were not hungry.

You visited 1 branch of the dungeon, and saw 4 of its levels.

You collected 127 gold pieces.

Inventory:

Hand Weapons
 a - a +0 war axe (weapon)
Armour
 b - a +0 scale mail (worn)
 c - a +0 shield (worn)
Wands
 p - a wand of iceblast (10)
Scrolls
 g - a scroll of enchant armour {unknown}
 h - a scroll of fear {unknown}
 k - a scroll of teleportation {unknown}
 l - a scroll of remove curse {unknown}
 m - a scroll of enchant weapon {unknown}
 n - 4 scrolls of identify {unknown}
 q - a scroll of magic mapping {unknown}
Potions
 d - 2 potions of might
 e - a potion of curing
 i - a potion of flight {unknown}
 j - a potion of ambrosia {unknown}
 o - a potion of brilliance {unknown}
Comestibles
 f - 6 rations
 r - 2 chunks of flesh


   Skills:
 + Level 4.2 Fighting
 * Level 6.0 Axes
 + Level 3.8 Armour
 * Level 1.4 Dodging
 + Level 4.0 Shields


You had 5 spell levels left.
You didn't know any spells.
Your spell library was empty.

Dungeon Overview and Level Annotations

Branches:
Dungeon (4/15)
 Temple: D:4-7

Altars:
Hepliaklqana
Qazlal
Wu Jian


Message History

* * * LOW HITPOINT WARNING * * *
The orc wizard barely misses you.
The orc wizard casts a spell.
The orc wizard blinks!
You barely miss the orc wizard.
The orc wizard is heavily wounded.
Your scale mail prevents you from hitting something.
The orc wizard closely misses you.
You hear some strange, mumbled words.
A magic dart appears from out of thin air!
The magic dart hits you.
* * * LOW HITPOINT WARNING * * *
You block the orc wizard's attack. Something hits you.
* * * LOW HITPOINT WARNING * * *
The orc wizard hits you with a +0 dagger.
* * * LOW HITPOINT WARNING * * *
You feel better.
The orc wizard gestures at you while chanting.
The puff of frost hits you!
You die...

### # #..### ## #.. .
...#.# .# #.# # ##
###.###.# #.# #
#..#..:..#.# ##.###
.##..#'#.###.#
####....รท
.[...%.#.#...# #.>.....#
#.#..o###..####.##..#.#
#..?.o@.........##..#.#
......{..............#.#
##...............###.#.#
#.#####...#####.......#
.. #...# #.......# #
#...#####.)##.#.#
#...##.....#..#.#
#<..#......#.##.#
##..............#


You could see 2 orc wizards.

Vanquished Creatures
  A scorpion (D:4)
  A crimson imp (D:4)
  A hound (D:4)
  2 adders
  2 oozes (D:2)
  7 worms
  3 dart slugs
  A leopard gecko (D:1)
  An orc (D:3)
  2 ball pythons (D:2)
  3 giant cockroaches (D:1)
  9 goblins
  5 hobgoblins
  2 jackals (D:1)
  9 kobolds
  A quokka (D:2)
  9 bats
  3 frilled lizards
  7 rats
69 creatures vanquished.

Vanquished Creatures (others)
  A rat (D:3)
1 creature vanquished.

Grand Total: 70 creatures vanquished

Notes
Turn   | Place    | Note
-------+----------+-------------------------------------------
     0 | D:1      | Ivan the Hill Orc Fighter began the quest for the Orb.
     0 | D:1      | Reached XP level 1. HP: 19/19 MP: 1/1
   156 | D:1      | Reached XP level 2. HP: 19/27 MP: 2/2
   355 | D:1      | Reached skill level 3 in Axes
   615 | D:1      | Reached XP level 3. HP: 33/33 MP: 3/3
  1009 | D:2      | Reached skill level 4 in Axes
  1024 | D:2      | Reached XP level 4. HP: 22/40 MP: 4/4
  1434 | D:3      | Reached skill level 1 in Dodging
  1494 | D:3      | Found a stormy altar of Qazlal.
  1645 | D:3      | Found an ornate altar of the Wu Jian Council.
  1764 | D:3      | Found a hazy altar of Hepliaklqana.
  1880 | D:4      | Reached skill level 5 in Axes
  1880 | D:4      | Reached XP level 5. HP: 46/46 MP: 5/5
  2082 | D:4      | Reached skill level 6 in Axes
  2082 | D:4      | Reached XP level 6. HP: 41/52 MP: 6/6
  2102 | D:4      | Found the +0 pair of fencer's gloves {Riposte Dex+3}
  2117 | D:4      | HP: 1/52 [orc wizard/+0 dagger (2)]
  2118 | D:4      | Killed from afar by an orc wizard

Levels and vault maps discovered:
D:1:      evilmike_arrival_rings, layout_loops_corners
D:2:      layout_rooms
D:3:      layout_loops_ring, marbit_many_paths, overflow_temple_1_default,
          lemuel_crystal_altar
D:4:      layout_loops_cross, minmay_a_box_with_orc_wizards_in_it

Skill      XL: |  1  2  3  4  5 |
---------------+----------------+-----
Axes           | 3 4 5 6 |  6.0
Fighting       | 4 |  4.2
Dodging        | 1 |  1.4
Shields        | 4 |  4.0
Armour         | |  3.8

Action                   |  1- 3 |  4- 6 || total
-------------------------+-------+-------++-------
Melee: War axe           |   108 |   144 ||   252
  Use: Potion            |     2 |     2 ||     4
  Eat: Chunk             |       |     4 ||     4
Armor: Scale mail        |    52 |    81 ||   133
Dodge: Dodged            |    26 |    45 ||    71
Block: Shield            |    59 |    93 ||   152

Table legend:
 A = Non-vault XP
 B = Vault XP
 C = Vault XP percentage of total XP
 D = Non-vault monster count
 E = Vault monster count
 F = Vault count percentage of total count
                 A         B        C        D         E       F
            +---------+---------+-------+---------+---------+-------
      Total |     330 |       1 |   0.3 |      68 |       1 |   1.4
            +---------+---------+-------+---------+---------+-------
        D:1 |      50 |       0 |   0.0 |      28 |       0 |   0.0
        D:2 |      71 |       0 |   0.0 |      24 |       0 |   0.0
        D:3 |      42 |       1 |   2.3 |      12 |       1 |   7.7
        D:4 |     167 |       0 |   0.0 |       4 |       0 |   0.0
            +---------+---------+-------+---------+---------+-------
